 Dungeon Crawl Stone Soup version 0.26.1-11-gd32895ea62 (webtiles) character file.

Game seed: 2488541806379690110

373 Almogavar the Caller (level 6, 0/43 HPs)
             Began as a Merfolk Summoner on May 23, 2021.
             Was an Initiate of Okawaru.
             Slain by a rat (1 damage)
             ... summoned by Eustachio
             ... on level 5 of the Dungeon.
             The game lasted 00:22:57 (7266 turns).

Almogavar the Caller (Merfolk Summoner)             Turns: 7266, Time: 00:22:57

Health: 0/43       AC:  4    Str:  9    XL:     6   Next: 71%
Magic:  6/13       EV: 13    Int: 15    God:    Okawaru [......]
Gold:   260        SH:  0    Dex: 15    Spells: 11/14 levels left

rFire    . . .     SeeInvis .   g - +8 club
rCold    + . .     Faith    .   (no shield)
rNeg     . . .     Spirit   .   r - +0 leather armour
rPois    .         Reflect  .   w - +0 helmet
rElec    .         Harm     .   h - scarf {shadows}
rCorr    .         Rampage  .   (no gloves)
Will     .....                  (no boots)
Stlth    +++.......             (no amulet)
HPRegen  0.14/turn              b - ring of protection from cold
MPRegen  0.13/turn              u - ring of stealth

@: attractive
A: change form in water, swift swim, stealthy swim
a: Renounce Religion


You were on level 5 of the Dungeon.
You worshipped Okawaru.
Okawaru was noncommittal.
You visited 2 branches of the dungeon, and saw 6 of its levels.

You collected 260 gold pieces.

Inventory:

Hand Weapons
 g - a +8 club (weapon)
 m - a +0 hunting sling
Missiles
 a - 6 javelins
 e - 156 stones
 t - 6 silver javelins
 v - 27 poisoned darts
Armour
 h - a scarf of shadows (worn)
 r - a +0 leather armour (worn)
 w - a +0 helmet (worn)
Jewellery
 b - a ring of protection from cold (left hand)
 u - a ring of stealth (right hand)
Wands
 s - a wand of iceblast (9)
Scrolls
 c - a scroll of magic mapping
 d - 2 scrolls of fear
 i - a scroll of blinking {unknown}
 j - 3 scrolls of teleportation
 n - a scroll of fog {unknown}
 o - 2 scrolls of remove curse {unknown}
 p - a scroll of enchant armour {unknown}
 x - a scroll of noise {unknown}
Potions
 f - a potion of invisibility
 l - a potion of ambrosia {unknown}
 q - a potion of flight {unknown}
 z - a potion of curing {unknown}


   Skills:
 + Level 1.4 Fighting
 + Level 0.3 Armour
 + Level 3.8 Dodging
 + Level 2.5 Stealth
 + Level 4.7 Spellcasting
 + Level 5.3 Summonings


You had 11 spell levels left.
You knew the following spells:

 Your Spells              Type           Power        Failure   Level
a - Summon Small Mammal   Summ           36%          2%          1
b - Call Imp              Summ           9%           3%          2

Your spell library contained the following spells:

 Spells                   Type           Power        Failure   Level
 Call Canine Familiar     Summ           9%           8%          3
 Summon Guardian Golem    Hex/Summ       5%           22%         3
 Summon Ice Beast         Ice/Summ       5%           58%         4
 Summon Lightning Spire   Summ/Air       5%           58%         4


Dungeon Overview and Level Annotations

Branches:
Dungeon (5/15)             Temple (1/1) D:4

Altars:
Dithmenos
Elyvilon
Kikubaaqudgha
Okawaru
Sif Muna

Shops:
D:5 ?[

Annotations:
D:5 Eustachio


Message History

* * * LOW HITPOINT WARNING * * *
The ufetubus barely misses you.
Eustachio mumbles some strange words.
Eustachio blinks!
Your white imp hits the iron imp but does no damage.
The white imp completely misses you.
The iron imp closely misses your white imp.
The ufetubus hits you but does no damage.
The ufetubus misses you.
Eustachio casts a spell.
Eustachio is pulled toward you! The rat is pulled toward you!
You hit the iron imp.
The iron imp is severely wounded.
The ufetubus disappears in a puff of smoke!
The iron imp disappears in a puff of smoke!
The white imp closely misses you.
Your crimson imp barely misses Eustachio.
Eustachio gestures wildly while chanting.
Eustachio blinks!
The rat bites you.
You die...

##########.##
#...# #....#
#.#..###
#....#####.##.....
#.............>###
#....###########
#...@# ###....#
#.5....###
#.§@r5§...
#..5##.... .......
.... #........ .##
#......... #
#..........
############


You could see Eustachio, a white imp (summoned), a rat (summoned), a friendly
crimson imp (summoned) and a friendly white imp (summoned).

Vanquished Creatures
  A water moccasin skeleton (D:5)
  An orc wizard (D:3)
  A worker ant zombie (D:5)
  An adder (D:2)
  2 oozes
  A worm (D:2)
  A dart slug (D:2)
  3 orcs (D:3)
  2 giant cockroaches
  6 goblins
  5 hobgoblins
  11 jackals
  3 kobolds
  A frilled lizard (D:4)
  6 rats
45 creatures vanquished.

Vanquished Creatures (collateral kills)
  A water moccasin (D:4)
  An ogre (D:5)
  A hound (D:5)
  An orc priest (D:3)
  Ijyb (D:5)
  A worker ant (D:4)
  4 adders
  A worm (D:2)
  A dart slug (D:1)
  A leopard gecko (D:1)
  2 orcs
  7 hobgoblins
  17 jackals
  4 kobolds
  A ball python (D:2)
  4 bats
  8 frilled lizards
  6 goblins
  4 rats
66 creatures vanquished.

Vanquished Creatures (others)
  10 plants (D:1)
10 creatures vanquished.

Grand Total: 121 creatures vanquished

Notes
Turn   | Place    | Note
-------+----------+-------------------------------------------
     0 | D:1      | Almogavar the Merfolk Summoner began the quest for the Orb.
     0 | D:1      | Reached XP level 1. HP: 13/13 MP: 3/3
   423 | D:1      | Reached XP level 2. HP: 17/19 MP: 0/5
   721 | D:1      | Learned a level 2 spell: Call Imp
  1128 | D:1      | Reached XP level 3. HP: 14/25 MP: 3/6
  2044 | D:2      | Reached XP level 4. HP: 11/31 MP: 3/8
  3278 | D:3      | Reached skill level 1 in Fighting
  3928 | D:3      | Reached XP level 5. HP: 9/37 MP: 4/10
  4421 | D:3      | Found a shimmering blue altar of Sif Muna.
  5511 | D:4      | Found a staircase to the Ecumenical Temple.
  5519 | Temple   | Entered the Ecumenical Temple
  5526 | Temple   | Became a worshipper of Warmaster Okawaru
  5791 | D:4      | Noticed a water moccasin
  5822 | D:4      | HP: 1/37 [water moccasin (8)]
  5827 | D:4      | Killed a water moccasin
  5828 | D:4      | Reached skill level 5 in Summonings
  5828 | D:4      | Reached XP level 6. HP: 25/43 MP: 6/12
  6589 | D:5      | Entered Level 5 of the Dungeon
  6793 | D:5      | Found Ymiud's Antique Armour Emporium.
  6822 | D:5      | Noticed Ijyb
  6860 | D:5      | Killed Ijyb
  7202 | D:5      | Found Pung's Magic Scroll Shoppe.
  7247 | D:5      | Noticed Eustachio
  7265 | D:5      | HP: 1/43 [ufetubus[Eustachio] (2)]
  7266 | D:5      | Slain by a rat

Illustrated notes

Levels and vault maps discovered:
D:1:      eino_arrival_water_star, layout_basic, minmay_lizard_king
D:2:      layout_basic
D:3:      layout_basic, general_overflow_altar, corexii_shack
D:4:      layout_basic, lemuel_temple_firewalk_a
D:5:      layout_basic, kennysheep_slug_shrine, serial_shops, shop,
          shop_fountains, uniq_eustachio, uniq_ijyb
Temple:   eino_wide_crystal_templ

Skill      XL: |  1  2  3  4  5 |
---------------+----------------+-----
Dodging        | 3 |  3.8
Spellcasting   | 3 4 |  4.7
Fighting       | 1 |  1.4
Summonings     | 5 |  5.3
Armour         | |  0.3
Stealth        | |  2.5

Action                   |  1- 3 |  4- 6 || total
-------------------------+-------+-------++-------
Melee: Whip              |    90 |   136 ||   226
       Club              |       |    18 ||    18
 Cast: Summon Small Mamm |    28 |    57 ||    85
       Call Imp          |    18 |    46 ||    64
  Use: Scroll            |     2 |     2 ||     4
       Potion            |       |     3 ||     3
 Stab: Distracted        |     1 |     2 ||     3
       Sleeping          |       |     1 ||     1
Armor: Robe              |    23 |    16 ||    39
       Skin              |       |     3 ||     3
       Leather armour    |       |    11 ||    11
Dodge: Dodged            |   107 |   131 ||   238
